 Dungeon Crawl Stone Soup version 0.31-a0-222-gefeffbb62a (webtiles) character file.

Game seed: 11227950697364342210

163 qw the Shooter (level 5, 0/30 HPs)
             Began as a Gargoyle Hexslinger on July 5, 2023.
             Slain by a river rat (4 damage)
             ... summoned by Eustachio
             ... on level 4 of the Dungeon.
             The game lasted 00:00:59 (2873 turns).

qw the Shooter (Gargoyle Hexslinger)                Turns: 2873, Time: 00:01:00

Health: 0/30       AC: 11    Str: 11    XL:     5   Next: 44%
Magic:  6/6        EV: 10    Int: 14    God:
Gold:   199        SH:  0    Dex: 14    Spells: 5/6 levels left

rFire   + . .        a - +4 orcbow (heavy)
rCold   . . .        (shield currently unavailable)
rNeg    + + .        g - +1 ring mail {rF+}
rPois   inf          (no helmet)
rElec   +            (no cloak)
rCorr   .            e - +0 pair of gloves
SInv    .            (no boots)
Will    .....        (no amulet)
Stlth   +            h - ring of positive energy
HPRegen 0.25/turn    (no ring)
MPRegen 0.10/turn

%: no passive effects
@: no status effects
A: sickness immunity, AC +4, negative energy resistance 1, electricity
resistance, torment resistance 1, petrification resistance
a: no special abilities


You were on level 4 of the Dungeon.
You visited 1 branch of the dungeon, and saw 4 of its levels.

You collected 283 gold pieces.
You spent 84 gold pieces at shops.


Innate Abilities, Weirdness & Mutations

You are immune to sickness and miasma.
Your stone body is resilient. (AC +4)
You are immune to poison.
You resist negative energy. (rN+)
You are resistant to electric shocks. (rElec)
You are resistant to unholy torment.
You are immune to petrification.


   Skills:
 + Level 2.0 Fighting
 - Level 5.0 Ranged Weapons
 - Level 1.3 Armour
 - Level 1.5 Dodging
 - Level 1.0 Spellcasting
 - Level 2.6 Hexes


You had 5 spell levels left.
You knew the following spells:

 Your Spells              Type           Power      Damage    Failure   Level
a - Slow                  Hex            32%        N/A       21%         1

Your spell library contained the following spells:

 Spells                   Type           Power      Damage    Failure   Level
 Inner Flame              Hex/Fire       4%         N/A       71%         3
 Portal Projectile        Hex/Tloc       8%         N/A       71%         3
 Cause Fear               Hex            4%         N/A       90%         4

Inventory:

Hand Weapons
 a - a +4 heavy orcbow (weapon)
Armour
 e - a +0 pair of gloves (worn)
 g - a +1 ring mail of fire resistance (worn)
Jewellery
 h - a ring of positive energy (left hand)
Scrolls
 b - 2 scrolls of identify
 j - a scroll of teleportation {unknown}
 n - a scroll of revelation {unknown}
Potions
 c - a potion of berserk rage {unknown}
 d - a potion of curing {unknown}
 f - a potion of brilliance {unknown}
 i - 2 potions of heal wounds {unknown}
 k - a potion of mutation {unknown}
 l - 2 potions of haste
 m - a potion of enlightenment {unknown}

Dungeon Overview and Level Annotations

Branches:
Dungeon (4/15)
 Temple: D:4-7

Altars:
Makhleb
Qazlal

Shops:
D:1 ((   D:3 *

Annotations:
D:4 Eustachio


Message History

The arrow barely misses the crimson imp.
The white imp disappears in a puff of smoke!
The bat closely misses you. x2; The bat hits you but does no damage.
The river rat bites you but does no damage.
The bat barely misses you.
The crimson imp blinks!
The crimson imp hits you. The river rat misses you.
Eustachio gestures wildly while chanting.
Eustachio blinks!
You shoot an arrow. The arrow hits the crimson imp!!
You kill the crimson imp!
The crimson imp disappears in a puff of smoke!
The bat hits you but does no damage. x2; The bat barely misses you.
The bat hits you but does no damage. The bat barely misses you.
The river rat barely misses you. The quasit closely misses you.
The quasit claws you but does no damage.
The quasit claws you.
Eustachio gestures wildly while chanting.
The river rat bites you. The bat hits you but does no damage.
The quasit bites you but does no damage.
The quasit closely misses you. The quasit claws you.
You shoot an arrow. The arrow barely misses the quasit.
The bat hits you but does no damage. The bat barely misses you.
The bat closely misses you. The bat hits you but does no damage. x2
Eustachio mumbles some strange words.
Eustachio blinks!
The river rat bites you but does no damage.
The quasit misses you.
The quasit claws you but does no damage.
The quasit closely misses you. The bat hits you but does no damage.
The crimson imp blinks!
The river rat closely misses you.
The quasit barely misses you. x2; The quasit closely misses you.
The bat barely misses you.
You shoot an arrow. The arrow closely misses the quasit.
The bat hits you but does no damage. x2; The bat barely misses you. x2
The bat hits you but does no damage. The quasit misses you.
The quasit claws you but does no damage. x2
The river rat misses you. The bat closely misses you.
The quasit closely misses you. The quasit barely misses you.
The quasit closely misses you. The river rat bites you.
You die...

### ... ..... #....... ##.## ..
.@... ##....## ####...# .. ......
##....# 77##..#...####. ......
#...... 7P.#........##. #55..
##..... PP....##..#.##.#..5
##.#.. 7P.......##..#...# ####.
.P.#............#### ##
77##...####.5.bb@#.#### ####.
#....######.5r5..#.## ##.#..
####.....# #...b......## ##.....
#........## ##..#.......# #......
##....#...# #.........## ##.....
#........#####@./.#....###......
##..........##..#####....#.......
#..............####<#...###......
#............#.###.......#.......


You could see Eustachio, a quasit (summoned), a crimson imp (summoned), a river
rat (summoned), a white imp (summoned) and 3 bats.

Vanquished Creatures
  An iguana (D:4)
  3 adders
  3 gnolls (D:4)
  An ufetubus (D:3)
  3 worms
  A dart slug (D:2)
  5 endoplasms
  3 giant cockroaches
  9 goblins
  8 hobgoblins
  3 jackals (D:1)
  A quokka (D:1)
  10 ball pythons
  5 bats
  3 frilled lizards
  2 kobolds (D:2)
  3 rats
64 creatures vanquished.

Notes
Turn   | Place    | Note
-------+----------+-------------------------------------------
     0 | D:1      | qw the Gargoyle Hexslinger began the quest for the Orb.
     0 | D:1      | Reached XP level 1. HP: 12/12 MP: 2/2
     0 | D:1      | 0 ||| qw: Version: 0.3-a-46-gb1f654a
     0 | D:1      | 0 ||| qw: Game counter: 1020
     0 | D:1      | 0 ||| qw: Melee chars always use a shield: true
     0 | D:1      | 0 ||| qw: God list: Okawaru
     0 | D:1      | 0 ||| qw: Allow faded altars: false
     0 | D:1      | 0 ||| qw: Do Orc after clearing Dungeon:15 true
     0 | D:1      | 0 ||| qw: Do second Lair branch before Depths: true
     0 | D:1      | 0 ||| qw: Lair rune preference: random
     0 | D:1      | 0 ||| qw: Goals: Normal
     0 | D:1      | 0 ||| PLANNING D:1-11
   125 | D:1      | Reached XP level 2. HP: 16/16 MP: 3/3
   196 | D:1      | Found Lerah's Weapon Shoppe.
   202 | D:1      | 202 ||| SHOPLISTING +3 antimagic shortbow (312 gold, have
                  | 38).
   202 | D:1      | 202 ||| SHOPLISTING +8 shortbow of freezing (568 gold, have
                  | 38).
   223 | D:1      | Found Reifif's Antique Weapon Shoppe.
   232 | D:1      | Reached skill level 3 in Ranged Weapons
   610 | D:1      | Found a faded altar of an unknown god.
   729 | D:1      | 729 ||| UPGRADING to +0 pair of gloves.
   734 | D:1      | 734 ||| UPGRADING to ring of positive energy.
   735 | D:1      | 735 ||| READING scroll labelled FEPHEOL URGHAE.
   736 | D:1      | 736 ||| READING scroll labelled ZELULI FIATIA.
   737 | D:1      | 737 ||| READING scroll labelled TIULAI GOS TENOMM.
   743 | D:1      | 743 ||| READING scroll labelled TABRUA SUOPLA.
   844 | D:1      | 844 ||| DROPPING scroll of poison.
   882 | D:2      | Reached XP level 3. HP: 21/21 MP: 4/4
   993 | D:2      | 993 ||| READING scroll of enchant weapon.
   993 | D:2      | 993 ||| ENCHANTING +2 sling.
  1390 | D:2      | Reached XP level 4. HP: 26/26 MP: 5/5
  1477 | D:2      | Reached skill level 4 in Ranged Weapons
  1654 | D:2      | 1654 ||| READING scroll labelled BEBUYCVOCK.
  1655 | D:2      | 1655 ||| READING 2 scrolls labelled SULEAGEQIC.
  1656 | D:2      | 1656 ||| READING scroll labelled QERCHU USIOSK.
  1657 | D:2      | 1657 ||| READING scroll labelled LYFFOA FIZA.
  1657 | D:2      | Identified a scroll of acquirement
  1657 | D:2      | 1657 ||| ACQUIRING +4 heavy orcbow
  1657 | D:2      | Acquired a +4 heavy orcbow
  1659 | D:2      | 1659 ||| SWAPPING to +4 heavy orcbow.
  1660 | D:2      | 1660 ||| DROPPING +3 sling.
  1661 | D:2      | 1661 ||| DROPPING scroll of noise.
  1711 | D:3      | Found Plog's Assorted Antiques.
  1718 | D:3      | 1718 ||| BUYING 2 orange potions (54 gold).
  1718 | D:3      | Bought 2 orange potions for 54 gold pieces
  1718 | D:3      | 1718 ||| SHOPLISTING coiled golden amulet (150 gold, have
                  | 46).
  1718 | D:3      | 1718 ||| BUYING scroll labelled ZOCEXAECRU (30 gold).
  1718 | D:3      | Bought a scroll labelled ZOCEXAECRU for 30 gold pieces
  2279 | D:3      | 2279 ||| UPGRADING to +1 ring mail of fire resistance.
  2289 | D:3      | 2289 ||| DROPPING +0 robe.
  2290 | D:3      | 2290 ||| READING scroll labelled ZOCEXAECRU.
  2291 | D:3      | 2291 ||| DRINKING 3 orange potions.
  2296 | D:3      | 2296 ||| DRINKING 3 bubbling clear potions.
  2297 | D:3      | 2297 ||| DROPPING 2 potions of ambrosia.
  2373 | D:4      | Found a burning altar of Makhleb.
  2373 | D:4      | Noticed an Executioner
  2392 | D:4      | Reached skill level 1 in Armour
  2392 | D:4      | Reached XP level 5. HP: 10/30 MP: 6/6
  2393 | D:4      | HP: 3/30 [gnoll/+0 spear (7)]
  2703 | D:4      | Reached skill level 5 in Ranged Weapons
  2762 | D:4      | Found a stormy altar of Qazlal.
  2854 | D:4      | Noticed Eustachio
  2861 | D:4      | 2861 ||| Stepping ~*~*~tactically~*~*~ (outnumbered).
  2871 | D:4      | HP: 5/30 [river rat[Eustachio] (3)]
  2873 | D:4      | Slain by a river rat

Levels and vault maps discovered:
D:1:      kennysheep_arrival_forest, layout_loops_cross, basic_ecumenical_altar,
          serial_shops, shop_fountains, nicolae_shop_stone, kennysheep_boxes
D:2:      layout_basic
D:3:      layout_basic, serial_shops, nicolae_shop_stone, st_stairs_8
D:4:      layout_cave_pools, kennysheep_mini_moat, makhleb_altar_promises_db,
          nicolae_figureground_sparkle, uniq_crazy_yiuf_cottage, uniq_eustachio

Skill      XL: |  1  2  3  4  5 |
---------------+----------------+-----
Ranged Weapons | 3 4 5 |  5.0
Fighting       | 2 |  2.0
Armour         | 1 |  1.3
Dodging        | |  1.5
Spellcasting   | |  1.0
Hexes          | |  2.6

Action                     |  1- 3 |  4- 6 || total
---------------------------+-------+-------++-------
   Fire: Sling             |   110 |     8 ||   118
         Orcbow            |       |    77 ||    77
    Use: Scroll            |     5 |     5 ||    10
         Potion            |       |     2 ||     2
 Armour: Robe              |    15 |    10 ||    25
         Ring mail         |       |    50 ||    50
  Dodge: Dodged            |    32 |    87 ||   119

Table legend:
 A = Non-vault XP
 B = Vault XP
 C = Vault XP percentage of total XP
 D = Non-vault monster count
 E = Vault monster count
 F = Vault count percentage of total count
                 A         B        C        D         E       F
            +---------+---------+-------+---------+---------+-------
      Total |     232 |       2 |   0.9 |      63 |       1 |   1.6
            +---------+---------+-------+---------+---------+-------
        D:1 |      29 |       0 |   0.0 |      18 |       0 |   0.0
        D:2 |      63 |       0 |   0.0 |      21 |       0 |   0.0
        D:3 |      46 |       2 |   4.2 |      15 |       1 |   6.2
        D:4 |      94 |       0 |   0.0 |       9 |       0 |   0.0
            +---------+---------+-------+---------+---------+-------
